 Dungeon Crawl Stone Soup version 0.17-a0-229-g5ae695d (webtiles) character file.

32 inmateoo the Conjurer (level 3, -2/22 HPs)
             Began as an Octopode Conjurer on Mar 29, 2015.
             Slain by a goblin (4 damage)
             ... on level 2 of the Dungeon.
             The game lasted 00:02:30 (665 turns).

inmateoo the Conjurer (Octopode Conjurer)            Turns: 665, Time: 00:02:30

Health: -2/22      AC:  1    Str:  7    XL:     3   Next: 27%
Magic:  0/6        EV: 12    Int: 18    God:
Gold:   80         SH:  0    Dex: 12    Spells: 2 memorised, 3 levels left

rFire  + . .     SeeInvis .     (no weapon)
rCold  + . .     Clarity  .     (no shield)
rNeg   . . .     SustAb   .     (helmet restricted)
rPois  +         Gourm    .     (no amulet)
rElec  +         Spirit   .     (no ring)
rCorr  +         Warding  .     (no ring)
rMut   .         Stasis   .     (no ring)
MR     .....                    (no ring)
Stlth  +++.......               (no ring)
                                (no ring)
                                (no ring)
                                (no ring)

@: lethally poisoned (-2 -> -10), resistant, very slightly contaminated, not
resistant to hostile enchantments, fairly stealthy
A: almost no armour, amphibious, 8 rings, constrict 8, camouflage 1, gelatinous
body 1
a: no special abilities


You were on level 2 of the Dungeon.
You were not hungry.

You visited 1 branch of the dungeon, and saw 2 of its levels.

You collected 80 gold pieces.

Inventory:

Scrolls
 a - 4 scrolls of identify {unknown}
 f - a scroll of teleportation {unknown}
 h - a scroll of remove curse {unknown}
 i - a scroll of amnesia {unknown}
Books
 c - a book of Conjurations

   Spells                             Type                      Level
   a - Magic Dart                     Conjuration                  1
   b - Searing Ray                    Conjuration                  2
   c - Dazzling Spray                 Conjuration/Hexes            3
   d - Fulminant Prism                Conjuration/Hexes            4
   e - Iskenderun's Mystic Blast      Conjuration                  4
   f - Iskenderun's Battlesphere      Conjuration/Charms           5
Comestibles
 b - 4 bread rations
 g - a slice of pizza


   Skills:
 + Level 0.8 Fighting
 + Level 2.1 Dodging
 + Level 2.9 Stealth
 + Level 2.3 Spellcasting
 * Level 4.4 Conjurations


You had 3 spell levels left.
You knew the following spells:

 Your Spells              Type           Power        Failure   Level  Hunger
a - Magic Dart            Conj           ###.         2%          1    #......
b - Searing Ray           Conj           ###...       4%          2    ##.....


Dungeon Overview and Level Annotations

Branches:
Dungeon (2/15)

Altars:


Innate Abilities, Weirdness & Mutations

You cannot wear most types of armour.
You are amphibious.
You can wear up to eight rings at the same time.
You can use your tentacles to constrict many enemies at once.
Your skin changes colour to match your surroundings (Stealth).
Your rubbery body absorbs attacks (AC +1).


Message History

You feel sick.
The goblin shoots a stone.
The stone hits you.
* * * LOW HITPOINT WARNING * * *
Drink which item? (? for menu, Esc to quit)
It was a potion of resistance.
You feel protected.
* * * LOW HITPOINT WARNING * * *
You feel sick.
The goblin shoots a stone.
The stone closely misses you.
Casting: Magic Dart
Confirm with . or Enter, or press ? or * to list all spells.
You don't have enough magic to cast that spell.
Unknown command.
Read which item? (? for menu, Esc to quit)
Okay, then.
The goblin unwields an uncursed hunting sling.
The goblin misses you.
Unknown command.
You closely miss the goblin. Your grab misses the goblin.
* * * LOW HITPOINT WARNING * * *
You feel sick. The goblin hits you.
You die...

########### ..<........
.####.##### ....#.#
###.#.#############
....#.#..(.)...(@g#
##.......########.##############
.....................)g(........
##...#....#######.######.......g
#####....# #.# ....... ##.#.#
#.# ....... #.#(.. #.# .K.S...
#.###.# #.# ...... #.# .# #.#
.....


You could see a goblin.

Vanquished Creatures
  2 adders (D:2)
  3 bats (D:1)
  A hobgoblin (D:2)
  3 giant newts (D:1)
  4 kobolds
  3 rats (D:1)
16 creatures vanquished.

Notes
Turn   | Place    | Note
--------------------------------------------------------------
     0 | D:1      | inmateoo, the Octopode Conjurer, began the quest for the Orb.
     0 | D:1      | Reached XP level 1. HP: 11/11 MP: 3/3
   228 | D:1      | Reached XP level 2. HP: 17/17 MP: 0/4
   245 | D:1      | Learned a level 2 spell: Searing Ray
   662 | D:2      | Reached XP level 3. HP: 8/22 MP: 0/6
   665 | D:2      | Slain by a goblin

Action                   || total
-------------------------++-------
Melee: Unarmed           ||     7
 Cast: Magic Dart        ||    25
  Use: Potion            ||     2
